 Dungeon Crawl Stone Soup version 0.23.1 (webtiles) character file.

Game seed: 0

89194 esteth the Impaler (level 15, 0/127 HPs)
             Began as a Merfolk Gladiator on Mar 10, 2019.
             Was the Champion of Makhleb.
             Slain by Jorgrun
             ... wielding a +0 quarterstaff of crushing
              (2 damage)
             ... on level 13 of the Dungeon.
             The game lasted 01:10:15 (26117 turns).

esteth the Impaler (Merfolk Gladiator)             Turns: 26117, Time: 01:10:16

Health: 0/127      AC: 14    Str: 15    XL:     15   Next: 96%
Magic:  27/27      EV: 20    Int: 13    God:    Makhleb [******]
Gold:   2034       SH:  0    Dex: 23    Spells: 5/14 levels left

rFire    + + .     SeeInvis +   m - +5 halberd (vamp)
rCold    . . .     Gourm    .   (shield currently unavailable)
rNeg     + . .     Faith    .   Y - quicksilver dragon scales
rPois    .         Spirit   .   c - +1 helmet
rElec    .         Reflect  .   i - scarf {rC+ rF+}
rCorr    .         Harm     .   H - +0 pair of gloves
MR       ++...     Clarity  +   (no boots)
Stlth    ..........             M - amulet of the acrobat
HPRegen  0.31/turn              r - ring of see invisible
MPRegen  0.20/turn              W - ring of Iciry {Fire rN+ Dex+5}

@: silence
A: change form in water, swift swim, stealthy swim, agile 1, clarity
a: Renounce Religion


You were on level 13 of the Dungeon.
You worshipped Makhleb.
Makhleb was exalted by your worship.
You were not hungry.

You visited 5 branches of the dungeon, and saw 24 of its levels.
You also visited: Sewer.

You collected 2034 gold pieces.

Inventory:

Hand Weapons
 j - the +6 mace of Dividends {pain, rF+ rC+, unknown}
   (You found it on level 13 of the Dungeon)

   In the hands of one skilled in necromantic magic, it inflicts extra damage on
   living creatures.
   It protects you from fire.
   It protects you from cold.
 m - a +5 vampiric halberd (weapon)
 x - a +2 trident of flaming
 T - the +10 spear of the Evening {pain, rPois rN+ MR+++ Stlth-}
   (You found it on level 11 of the Dungeon)

   In the hands of one skilled in necromantic magic, it inflicts extra damage on
   living creatures.
   It protects you from poison.
   It protects you from negative energy.
   It affects your resistance to hostile enchantments.
   It makes you less stealthy.
Missiles
 d - 8 throwing nets (quivered)
 F - 6 arrows
Armour
 c - a +1 helmet (worn)
 i - a scarf of resistance (worn)
 H - a +0 pair of gloves (worn)
 Y - quicksilver dragon scales (worn)
Magical Staves
 K - an uncursed staff of poison
Jewellery
 k - an uncursed ring of protection from cold
 r - a ring of see invisible (left hand)
 w - an uncursed ring of flight
 z - an uncursed ring of protection from magic
 M - an amulet of the acrobat (around neck)
 O - an uncursed amulet of rage
 Q - an uncursed ring of positive energy
 W - the ring of Iciry (right hand) {Fire rN+ Dex+5}
   (You found it on level 3 of the Lair of Beasts)

   [ring of fire]

   It enhances your fire magic.
   It affects your dexterity (+5).
   It protects you from fire.
   It makes you vulnerable to cold.
   It protects you from negative energy.
Wands
 a - a wand of flame (50)
 q - a wand of scattershot (7)
 t - a wand of digging (13)
 u - a wand of enslavement (7)
 I - a wand of paralysis (17)
 J - a wand of acid (9)
 L - a wand of random effects (32)
 N - a wand of polymorph (26)
 X - a wand of disintegration (15)
Scrolls
 l - a scroll of enchant weapon
 p - 5 scrolls of amnesia
 s - 6 scrolls of remove curse
 y - 4 scrolls of enchant armour
 B - a scroll of fog
 C - 3 scrolls of teleportation
 D - 6 scrolls of immolation
 G - 5 scrolls of magic mapping
Potions
 e - 5 potions of brilliance
 g - 7 potions of magic {unknown}
 h - 4 potions of lignification
 n - 2 potions of resistance {unknown}
 o - 3 potions of flight {unknown}
 v - 2 potions of curing
 A - 4 potions of might {unknown}
 E - 5 potions of ambrosia {unknown}
 R - 2 potions of haste {unknown}
 V - 3 potions of cancellation {unknown}
Comestibles
 b - 5 chunks of flesh
 f - 43 rations


   Skills:
 + Level 14.4 Fighting
 - Level 20.2 Polearms
 - Level 4.2 Throwing
 - Level 5.6 Armour
 - Level 11.2 Dodging
 + Level 11.9 Transmutations
 - Level 16.0 Invocations


You had 5 spell levels left.
You knew the following spells:

 Your Spells              Type           Power        Failure   Level  Hunger
a - Regeneration          Chrm/Necr      #.........   86%         3    ####...
b - Statue Form           Tmut/Erth      ###......    100%        6    #######

Your spell library contained the following spells:

 Spells                   Type           Power        Failure   Level  Hunger
 Passwall                 Tmut/Erth      ###.....     8%          2    ###....
 Petrify                  Tmut/Erth      ###.....     45%         4    #####..
 Animate Skeleton         Necr           N/A          50%         1    ##.....
 Apportation              Tloc           #.....       50%         1    ##.....
 Confusing Touch          Hex            #.....       50%         1    ##.....
 Corona                   Hex            #......      50%         1    ##.....
 Magic Dart               Conj           #...         50%         1    ##.....
 Pain                     Necr           #...         50%         1    ##.....
 Sandblast                Erth           #.....       50%         1    ##.....
 Shock                    Conj/Air       #...         50%         1    ##.....
 Summon Small Mammal      Summ           #...         50%         1    ##.....
 Ensorcelled Hibernation  Hex/Ice        #.....       65%         2    ###....
 Searing Ray              Conj           #.....       65%         2    ###....
 Slow                     Hex            #.......     65%         2    ###....
 Swiftness                Chrm/Air       #.......     65%         2    ###....
 Irradiate                Conj/Tmut      ###.......   80%         5    ######.
 Confuse                  Hex            #.......     86%         3    ####...
 Dazzling Spray           Conj/Hex       #.....       86%         3    ####...
 Inner Flame              Hex/Fire       #.......     86%         3    ####...
 Portal Projectile        Hex/Tloc       #.....       86%         3    ####...
 Static Discharge         Conj/Air       #.......     86%         3    ####...
 Stone Arrow              Conj/Erth      #.....       86%         3    ####...
 Teleport Other           Tloc           #.......     86%         3    ####...
 Tukima's Dance           Hex            #.......     86%         3    ####...
 Vampiric Draining        Necr           #.........   86%         3    ####...
 Airstrike                Air            #.........   99%         4    #####..
 Animate Dead             Necr           N/A          99%         4    #####..
 Cause Fear               Hex            #.........   99%         4    #####..
 Force Lance              Conj/Tloc      #.......     99%         4    #####..
 Fulminant Prism          Conj/Hex       #.........   99%         4    #####..
 Iskenderun's Mystic Bla  Conj           #.......     99%         4    #####..
 Leda's Liquefaction      Hex/Erth       #.........   99%         4    #####..
 Passage of Golubria      Tloc           N/A          99%         4    #####..
 Borgnjor's Vile Clutch   Necr/Erth      #.........   100%        5    ######.
 Lee's Rapid Deconstruct  Erth           #.........   100%        5    ######.
 Lightning Bolt           Conj/Air       #.........   100%        5    ######.
 Silence                  Hex/Air        #.........   100%        5    ######.
 Hydra Form               Tmut           ####......   54%         6    #######
 Dragon Form              Tmut           ####......   98%         7    #######
 Darkness                 Hex            #.........   100%        6    #######
 Shadow Creatures         Summ           N/A          100%        6    #######
 Disjunction              Tloc           #.........   100%        8    #######


Dungeon Overview and Level Annotations

Branches:
Dungeon (14/15)            Temple (1/1) D:7            Lair (6/6) D:8
  Swamp (0/4) Lair:2        Snake (0/4) Lair:2        Slime (0/5) Lair:5
    Orc (2/2) D:10            Elf (1/3) Orc:2        Vaults (0/5) D:13

Altars:
Ashenzari
Cheibriados
Dithmenos
Elyvilon
Fedhas
Gozag
Hepliaklqana
Kikubaaqudgha
Makhleb
Nemelex Xobeh
Okawaru
Qazlal
Ru
Sif Muna
Trog
Uskayaw
Vehumet
Wu Jian
Xom
Yredelemnul
Zin
The Shining One
Beogh
Jiyva

Shops:
Orc:2 (*?*

Portals:
Trove: D:10 (give +4 ice dragon scales)

Annotations:
D:13 Jorgrun
Lair:1 exclusions: electric eel and 1 more exclusion


Innate Abilities, Weirdness & Mutations

You revert to your normal form in water You are very nimble and swift while swimming.
You are very stealthy in the water. (Stealth+)
You are agile. (Dex +2)
You possess an exceptional clarity of mind.


Message History

You barely miss Jorgrun.
Jorgrun is almost dead.
You hit Jorgrun but do no damage.
Jorgrun is almost dead.
Jorgrun hits you with a +0 quarterstaff of crushing!
* * * LOW HITPOINT WARNING * * *
x2 You hit Jorgrun but do no damage.
Jorgrun is almost dead.
Jorgrun completely misses you.
You closely miss Jorgrun.
Jorgrun is almost dead.
Okay, then.
Your quicksilver dragon scales prevents you from hitting Jorgrun.
Jorgrun is almost dead.
Jorgrun barely misses you.
You closely miss Jorgrun.
Jorgrun is almost dead.
Jorgrun hits you with a +0 quarterstaff of crushing.
* * * LOW HITPOINT WARNING * * *
You die...

.............+.....# #.........
.............#.....# #...######
................[..# #...#[....
.....!.......#....######...#..)).
...####+#....#(...###.####.#..###
...#....#....(.............#..# #
...#....'...(#..(..........#..# #
...#....#....#.............#..# #
...#....#......'@g'........#..###
...#....#.(................#..+..
...#....#........#.........######
####....#........#.........######
........#........#...............
........#........#........#....#.
........#.....<..#........#....#.
.########........##'###....#..##.
.###..#....###'#......#....#..##.


You could see Jorgrun.

Vanquished Creatures
  Kirke (Lair:5)
  An orc warlord (Orc:2)
  Azrael (Orc:1)
  The ghost of Frank the Carver, a journeyman OpFi of Makhleb (Lair:3)
  A hydra (D:11)
  Harold (D:7)
  3 catoblepae (Lair:6)
  3 vault guards (D:13)
  2 centaur warriors (D:13)
  2 tengu warriors
  A dancing weapon (Orc:2)
  4 death yaks (Lair:6)
  2 ogre magi (Orc:2)
  6 two-headed ogres (Orc:2)
  2 orc high priests
  4 unseen horrors
  An ugly thing (D:13)
  2 orc knights
  4 oklob plants (Lair:2)
  Pikel (D:5)
  5 cyclopes
  4 deep elf magi
  4 orc sorcerers
  3 manticores
  A moth of wrath (Lair:6)
  12 elephants
  6 black mambas
  2 centaur zombies (D:12)
  A centaur skeleton (D:13)
  4 torpor snails
  12 spiny frogs
  4 rime drakes
  7 komodo dragons
  A tengu conjurer (D:13)
  An efreet (D:13)
  9 trolls
  2 hornets
  A polar bear (Lair:5)
  6 blink frogs
  14 tyrant leeches (Lair:6)
  A bog body (Lair:2)
  5 slime creatures
  15 dream sheep
  17 hippogriffs
  47 yaks
  3 wyverns
  A wraith (D:13)
  A vampire (D:11)
  2 basilisks
  3 fire elementals
  A hungry ghost (D:8)
  Grum (D:11)
  A hog (Lair:5)
  4 wargs
  A warg (shapeshifter) (D:13)
  Menkaure (D:6)
  13 water moccasins
  2 swamp worms (Lair:6)
  5 hell hounds (Orc:1)
  8 porcupines
  13 orc warriors
  3 slaves (D:5)
  2 black bears
  2 phantoms
  A hornet zombie (D:7)
  3 ice beasts
  26 ogres
  A necrophage (D:7)
  A black mamba simulacrum (Lair:3)
  2 eyes of draining
  2 sky beasts
  2 wolves (D:11)
  9 centaurs
  2 big kobolds
  14 crocodiles
  17 bullfrogs
  A wyvern zombie (D:10)
  5 scorpions
  6 killer bees
  10 wights
  4 howler monkeys
  5 crimson imps
  3 komodo dragon simulacra (Lair:3)
  A quasit (D:6)
  2 bullfrog zombies
  5 hounds
  28 orc priests
  3 bullfrog skeletons
  5 jellies
  28 orc wizards
  A gnoll shaman (Orc:2)
  2 iguanas
  Natasha (D:1)
  23 worker ants
  A hound zombie (D:8)
  A hound skeleton (D:4)
  Robin (D:4)
  A howler monkey skeleton (D:11)
  A howler monkey zombie (D:6)
  12 adders
  14 gnolls
  A crocodile simulacrum (Lair:3)
  3 river rats
  4 shadow imps
  3 oozes
  An adder zombie (D:1)
  An adder skeleton (D:5)
  7 worms
  2 dart slugs
  6 leopard geckos
  102 orcs
  5 ball pythons (Sewer)
  4 giant cockroaches
  12 goblins
  6 hobgoblins
  2 jackals (D:1)
  4 quokkas
  A ball python zombie (D:1)
  4 bats (D:1)
  5 frilled lizards
  28 kobolds
  A leopard gecko zombie (D:6)
  A quokka skeleton (D:7)
  A quokka zombie (D:6)
  31 rats
  A plant (Lair:2)
774 creatures vanquished.

Vanquished Creatures (collateral kills)
  2 hydras
  A vault guard (D:13)
  A centaur warrior (D:13)
  2 two-headed ogres (Orc:2)
  A death yak (Lair:6)
  A dancing weapon (Orc:2)
  2 deep trolls (Orc:2)
  A manticore (Lair:6)
  A troll (Orc:2)
  A dream sheep (Lair:6)
  6 yaks (Lair:6)
  5 ogres (Orc:2)
  An orc wizard (Orc:2)
25 creatures vanquished.

Vanquished Creatures (others)
  2 humans (Lair:5)
  A bush (Lair:5)
  8 fungi
  12 plants
23 creatures vanquished.

Grand Total: 822 creatures vanquished

Notes
Turn   | Place    | Note
-------+----------+-------------------------------------------
     0 | D:1      | esteth the Merfolk Gladiator began the quest for the Orb.
     0 | D:1      | Reached XP level 1. HP: 16/16 MP: 1/1
   186 | D:1      | Reached skill level 5 in Polearms
   203 | D:1      | Reached XP level 2. HP: 21/22 MP: 2/2
   458 | D:1      | Reached skill level 6 in Polearms
   458 | D:1      | Reached XP level 3. HP: 27/27 MP: 3/3
   830 | D:2      | Noticed Natasha
   849 | D:1      | Killed Natasha
   854 | D:1      | Reached XP level 4. HP: 7/33 MP: 4/4
  1138 | D:2      | Found an opulent altar of Gozag.
  1172 | D:2      | Reached skill level 7 in Polearms
  1477 | D:2      | Found a stormy altar of Qazlal.
  1800 | D:3      | Found a snail-covered altar of Cheibriados.
  2134 | D:4      | Noticed an ogre
  2141 | D:4      | Killed an ogre
  2141 | D:4      | Reached skill level 9 in Polearms
  2141 | D:4      | Reached XP level 5. HP: 31/38 MP: 5/5
  2146 | D:4      | Learned a level 3 spell: Regeneration
  2200 | D:4      | Reached XP level 6. HP: 12/44 MP: 6/6
  2204 | D:4      | Gained mutation: You possess an exceptional clarity of
                  | mind. [potion of mutation]
  2204 | D:4      | Gained mutation: You are agile. (Dex +2) [potion of
                  | mutation]
  3142 | D:4      | Reached skill level 10 in Polearms
  3309 | D:4      | Found a glowing golden altar of the Shining One.
  3334 | D:4      | Noticed Robin
  3372 | D:4      | Killed Robin
  3476 | D:4      | Reached XP level 7. HP: 50/50 MP: 7/7
  3556 | D:4      | Reached skill level 11 in Polearms
  3948 | D:5      | Entered Level 5 of the Dungeon
  3992 | D:5      | Reached skill level 12 in Polearms
  4114 | D:5      | Reached XP level 8. HP: 39/56 MP: 8/8
  4225 | D:5      | Found a glowing silver altar of Zin.
  4380 | D:5      | Reached skill level 13 in Polearms
  4763 | D:5      | Reached skill level 14 in Polearms
  4975 | D:6      | Identified the +1 leather armour of Quantum Leap {rPois
                  | MR+}
  5103 | D:6      | Reached skill level 5 in Dodging
  5229 | D:6      | Found a glowing drain.
  5273 | Sewer    | Entered a sewer
  5852 | D:6      | Noticed Menkaure
  5855 | D:6      | Killed Menkaure
  5855 | D:6      | Reached XP level 9. HP: 48/66 MP: 9/9
  6188 | D:6      | Reached skill level 5 in Fighting
  6244 | D:6      | Noticed Pikel
  6538 | D:5      | Killed Pikel
  7427 | D:6      | Reached XP level 10. HP: 66/80 MP: 10/10
  7626 | D:7      | Reached skill level 10 in Dodging
  7689 | D:7      | Noticed Harold
  7715 | D:7      | Killed Harold
  7821 | D:7      | Found a staircase to the Ecumenical Temple.
  7904 | Temple   | Entered the Ecumenical Temple
  8142 | Temple   | Became a worshipper of Makhleb the Destroyer
  8887 | D:8      | Reached skill level 15 in Polearms
  8905 | D:8      | Reached * piety under Makhleb
  9201 | D:8      | Found a staircase to the Lair.
  9278 | D:8      | Reached skill level 16 in Polearms
  9567 | D:9      | Found a sacrificial altar of Ru.
  9581 | D:9      | Reached XP level 11. HP: 89/89 MP: 11/11
  9720 | D:9      | Reached ** piety under Makhleb
 10087 | D:10     | Entered Level 10 of the Dungeon
 10392 | D:10     | Reached skill level 1 in Invocations
 10407 | D:10     | Noticed an unseen horror
 10414 | D:10     | Killed an unseen horror
 10414 | D:10     | Reached skill level 10 in Fighting
 10529 | D:10     | Found a staircase to the Orcish Mines.
 10609 | D:10     | Found a portal to a secret trove of treasure.
 10690 | D:11     | Noticed Grum
 10712 | D:11     | Killed Grum
 10775 | D:11     | Got a slimy spear
 10776 | D:11     | Identified the +10 spear of the Evening {pain, rPois rN+
                  | MR+++ Stlth-} (You found it on level 11 of the Dungeon)
 10805 | D:11     | Reached *** piety under Makhleb
 10827 | D:11     | Noticed a four-headed hydra
 10836 | D:11     | Killed a four-headed hydra
 10978 | D:11     | Noticed an unseen horror
 10991 | D:11     | Killed an unseen horror
 11141 | D:11     | Reached skill level 5 in Invocations
 11149 | D:11     | Noticed a cyclops
 11166 | D:11     | Killed a cyclops
 11523 | D:12     | Noticed a cyclops
 11532 | D:12     | Killed a cyclops
 11571 | D:12     | Noticed an unseen horror
 11578 | D:12     | Killed an unseen horror
 11654 | D:12     | Noticed an unseen horror
 11684 | D:11     | Reached XP level 12. HP: 90/100 MP: 16/16
 11944 | D:12     | Reached **** piety under Makhleb
 12264 | D:13     | Noticed a tengu warrior
 12264 | D:13     | Noticed a tengu warrior
 12291 | D:12     | Killed a tengu warrior
 12628 | Lair:1   | Entered Level 1 of the Lair of Beasts
 12680 | Lair:1   | Reached skill level 17 in Polearms
 13718 | Lair:2   | Found a staircase to the Snake Pit.
 14181 | Lair:2   | Reached skill level 18 in Polearms
 14181 | Lair:2   | Reached skill level 10 in Invocations
 14182 | Lair:2   | Reached XP level 13. HP: 94/109 MP: 20/20
 15373 | Lair:2   | Found a staircase to the Swamp.
 15895 | Lair:3   | Identified the Volume of Snow and the Traveller
 16069 | Lair:3   | Found a runed translucent gate.
 16070 | Lair:3   | Found a runed translucent gate.
 16070 | Lair:3   | Found a runed translucent gate.
 16077 | Lair:3   | Reached skill level 1 in Armour
 16213 | Lair:3   | Reached ***** piety under Makhleb
 16245 | Lair:3   | Noticed Frank's ghost (journeyman OpFi)
 16257 | Lair:3   | Killed Frank's ghost
 16313 | Lair:3   | Got the ring of Iciry {Fire}
 16908 | Lair:4   | Reached skill level 19 in Polearms
 17792 | Lair:5   | Found a gate leading to a gauntlet.
 18187 | Lair:5   | Reached skill level 20 in Polearms
 18230 | Lair:5   | Noticed Kirke
 18237 | Lair:5   | Reached skill level 5 in Armour
 18252 | Lair:5   | Killed Kirke
 18252 | Lair:5   | Reached XP level 14. HP: 116/116 MP: 22/22
 18294 | Lair:5   | Found a viscous altar of Jiyva.
 18295 | Lair:5   | Found a staircase to the Slime Pits.
 18780 | Lair:6   | Entered Level 6 of the Lair of Beasts
 18831 | Lair:6   | Learned a level 6 spell: Statue Form
 18856 | Lair:6   | Reached skill level 1 in Transmutations
 19249 | Lair:6   | HP: 4/116 [manticore (15)]
 19449 | Lair:6   | Reached skill level 5 in Transmutations
 19563 | Lair:6   | Reached skill level 15 in Invocations
 19961 | Lair:6   | Reached ****** piety under Makhleb
 20522 | Lair:6   | Identified the ring of Iciry {Fire rN+ Dex+5} (You found it
                  | on level 3 of the Lair of Beasts)
 20915 | Orc:1    | Entered Level 1 of the Orcish Mines
 20983 | Orc:1    | Reached XP level 15. HP: 122/122 MP: 26/26
 20994 | Orc:1    | Found a roughly hewn altar of Beogh.
 21212 | Orc:1    | Noticed a balrug
 21583 | Orc:2    | Entered Level 2 of the Orcish Mines
 21586 | Orc:2    | Noticed Azrael
 21930 | Orc:1    | Killed Azrael
 22567 | Orc:2    | Found a staircase to the Elven Halls.
 23375 | Orc:2    | Found Tullef's Weapon Shoppe.
 23377 | Orc:2    | Found Ereavvay's Assorted Antiques.
 23381 | Orc:2    | Found Jevollu's Magic Scroll Shop.
 23407 | Orc:2    | Found Aduenkei's Assorted Antiques.
 23586 | Orc:2    | Reached skill level 10 in Transmutations
 23665 | Orc:2    | Noticed an orc warlord
 23698 | Orc:2    | Killed an orc warlord
 23912 | Orc:2    | Found a roughly hewn altar of Beogh.
 24215 | Elf:1    | Entered Level 1 of the Elven Halls
 24560 | Orc:2    | HP: 4/125 [+4 dire flail of protection (11)]
 25339 | D:13     | Got an ichor-stained mace
 25382 | D:13     | Found a gate to the Vaults.
 26028 | D:14     | Noticed Jorgrun
 26117 | D:13     | HP: 2/127 [Jorgrun/+0 quarterstaff of crushing (5)]
 26117 | D:13     | Slain by Jorgrun

Skill      XL: |  1  2  3  4  5  6  7  8  9 10 11 12 13 14 15 |
---------------+----------------------------------------------+-----
Polearms       | 5 6 9 10 12 14 16 18 20 | 20.2
Fighting       | 4 7 9 11 12 14 | 14.4
Dodging        | 6 9 10 11 | 11.2
Throwing       | 4 |  4.2
Invocations    | 6 10 11 15 16 | 16.0
Armour         | 5 |  5.6
Transmutations | 7 11 | 11.9

Action                   |  1- 3 |  4- 6 |  7- 9 | 10-12 | 13-15 || total
-------------------------+-------+-------+-------+-------+-------++-------
Melee: Trident           |    81 |   220 |   529 |    69 |       ||   899
       Tailslap          |       |       |     2 |       |     3 ||     5
       Halberd           |       |       |       |   746 |  1707 ||  2453
       Spear             |       |       |       |    26 |       ||    26
Throw: Throwing net      |       |       |       |     1 |     2 ||     3
Invok: Major Destruction |       |       |       |     2 |     1 ||     3
       Lesser Servant of |       |       |       |       |     7 ||     7
       Greater Servant o |       |       |       |       |     6 ||     6
  Use: Potion            |     1 |     5 |     1 |     2 |    17 ||    26
       Scroll            |       |     5 |     1 |    18 |    21 ||    45
 Stab: Sleeping          |     5 |       |     3 |     1 |     3 ||    12
       Fleeing           |       |       |       |       |     3 ||     3
       Distracted        |       |       |       |       |     4 ||     4
       Petrified         |       |       |       |       |     3 ||     3
  Eat: Chunk             |       |     8 |    13 |    18 |    27 ||    66
       Ration            |       |       |       |     4 |     4 ||     8
Armor: Leather armour    |    23 |       |       |       |       ||    23
       Ring mail         |       |    41 |    89 |   147 |     3 ||   280
       Quicksilver drago |       |       |       |       |   385 ||   385
Dodge: Dodged            |    54 |    89 |   226 |   667 |  1227 ||  2263
